 Dungeon Crawl Stone Soup version 0.19.4-10-g532645f (webtiles) character file.

600 JeffiDaFish the Shield-Bearer (level 7, -6/42 HPs)
             Began as a Gargoyle Fighter on Feb 24, 2017.
             Was a Follower of Okawaru.
             Mangled by an ogre
             ... wielding a +0 giant club
              (14 damage)
             ... on level 4 of the Dungeon.
             The game lasted 00:10:12 (2955 turns).

JeffiDaFish the Shield-Bearer (Gargoyle Fighter)    Turns: 2955, Time: 00:10:12

Health: -6/42      AC: 21    Str: 20    XL:     7   Next: 41%
Magic:  7/7        EV:  4    Int:  8    God:    Okawaru [*.....]
Gold:   118        SH: 10    Dex: 11    Spells: 0 memorised, 6 levels left

rFire  . . .     SeeInvis .     a - +1 flail
rCold  . . .     Gourm    .     e - +1 plate armour
rNeg   + . .     Faith    .     c - +0 shield
rPois  ∞         Spirit   .     (no helmet)
rElec  +         Reflect  .     (no cloak)
rCorr  .         Harm     .     d - +2 pair of gloves
MR     .....                    (no boots)
Stlth  ..........               (no amulet)
                                (no ring)
                                (no ring)

@: no status effects
A: negative energy resistance 1, electricity resistance, unbreathing,
petrification resistance, rot immunity, AC +4
a: Heroism, Renounce Religion


You were on level 4 of the Dungeon.
You worshipped Okawaru.
Okawaru was aware of your devotion.
You were not hungry.

You visited 1 branch of the dungeon, and saw 4 of its levels.

You collected 118 gold pieces.

Inventory:

Hand Weapons
 a - a +1 flail (weapon)
Armour
 c - a +0 shield (worn)
 d - a +2 pair of gloves (worn)
 e - a +1 plate armour (worn)
Scrolls
 b - a scroll of identify
Potions
 g - a potion of curing
 j - a potion of flight
Comestibles
 f - 4 bread rations
 h - a meat ration
 i - 3 chunks of flesh


   Skills:
 + Level 3.9 Fighting
 + Level 5.4 Maces & Flails
 + Level 4.7 Armour
 + Level 1.1 Dodging
 + Level 0.5 Stealth
 + Level 5.4 Shields


You had 6 spell levels left.
You didn't know any spells.

Dungeon Overview and Level Annotations

Branches:
Dungeon (4/15)
 Temple: D:4-7

Altars:
Okawaru


Innate Abilities, Weirdness & Mutations

You are resistant to torment.
Your stone body is resilient. (AC +4)
You are immune to poison.
You resist negative energy. (rN+)
You are resistant to electric shocks. (rElec)
You can survive without breathing.
You are immune to petrification.
You are immune to rotting.


Message History

The jackal bites you but does no damage.
You block the jackal's attack.
You hit the jackal but do no damage. You block the jackal's attack.
The jackal bites you but does no damage.
You closely miss the jackal. You block the jackal's attack.
The jackal completely misses you.
Your shield and plate armour prevent you from hitting the jackal.
You block the jackal's attack.
You sock the jackal!
You kill the jackal!
Okawaru accepts your kill. The ogre hits you with a giant club.
You closely miss the ogre. You barely miss the ogre.
The ogre hits you with a giant club!!
* * * LOW HITPOINT WARNING * * *
You are too injured to fight recklessly!
You are too injured to fight recklessly!
You closely miss the ogre. The ogre hits you but does no damage.
You hit the ogre but do no damage. The ogre hits you with a giant club!
You die...

######......#
##'##..#
#..##### #
#...#..# +
#...'..# #
#..##### #
#'###..# .
######
#......+
..##...##
#...†@.#
.........
#####O##
##.....
.<.....w....#
#....#
............#
. #....#
............#
..####'##
.......!....#
..........
............#
..........
............#
........<.
....(.......#
##########


You could see an ogre and a worm.

Vanquished Creatures
  The ghost of Likado the Slasher, an amateur FoAK of Lugonu (D:4)
  An ogre (D:4)
  The ghost of Wextippler the Grave Robber, an amateur DsNe (D:3)
  A bullfrog zombie (D:4)
  A hound (D:4)
  2 gnolls (D:2)
  A howler monkey skeleton (D:4)
  4 adders
  An ooze (D:4)
  An adder skeleton (D:4)
  2 worms
  4 dart slugs
  4 leopard geckos
  An orc (D:3)
  2 ball pythons (D:1)
  2 giant cockroaches
  8 hobgoblins
  7 jackals
  2 quokkas
  10 bats
  9 frilled lizards
  14 goblins
  10 kobolds
  9 rats
98 creatures vanquished.

Notes
Turn   | Place    | Note
-------+----------+-------------------------------------------
     0 | D:1      | JeffiDaFish the Gargoyle Fighter began the quest for the Orb.
     0 | D:1      | Reached XP level 1. HP: 14/14 MP: 1/1
     2 | D:1      | Noticed a ghoul
     2 | D:1      | Noticed a minotaur
     4 | D:1      | Noticed a tengu
     6 | D:1      | Noticed a centaur
     6 | D:1      | Noticed a halfling
     8 | D:1      | Noticed a felid
     8 | D:1      | Noticed a demigod
    10 | D:1      | Noticed a dwarf
    12 | D:1      | Noticed a demonspawn
    12 | D:1      | Noticed a vampire
    14 | D:1      | Noticed a gargoyle
    14 | D:1      | Noticed a human
    16 | D:1      | Noticed a troll
    18 | D:1      | Noticed a spriggan
    18 | D:1      | Noticed a vine stalker
    20 | D:1      | Noticed an ogre
    20 | D:1      | Noticed a formicid
    22 | D:1      | Noticed a draconian
    22 | D:1      | Noticed an octopode
    24 | D:1      | Noticed a naga
    24 | D:1      | Noticed a merfolk
    26 | D:1      | Noticed an elf
    99 | D:1      | Reached XP level 2. HP: 16/19 MP: 2/2
   346 | D:1      | Reached XP level 3. HP: 15/23 MP: 3/3
  1225 | D:2      | Reached XP level 4. HP: 28/28 MP: 4/4
  1588 | D:2      | Found an iron altar of Okawaru.
  1629 | D:2      | Became a worshipper of Warmaster Okawaru
  1800 | D:3      | Noticed Wextippler's ghost (amateur DsNe)
  1806 | D:3      | Killed Wextippler's ghost
  1806 | D:3      | Reached XP level 5. HP: 18/32 MP: 5/5
  1975 | D:3      | Reached skill level 1 in Dodging
  2082 | D:3      | Reached XP level 6. HP: 34/37 MP: 6/6
  2510 | D:4      | Noticed Likado's ghost (amateur FoAK)
  2537 | D:4      | Killed Likado's ghost
  2537 | D:4      | Reached * piety under Okawaru
  2537 | D:4      | Reached skill level 5 in Shields
  2537 | D:4      | Reached XP level 7. HP: 28/42 MP: 7/7
  2811 | D:4      | Reached skill level 5 in Maces & Flails
  2955 | D:4      | Mangled by an ogre

Skill      XL: |  1  2  3  4  5  6  7 |
---------------+----------------------+-----
Maces & Flails | 3 4 5 |  5.4
Shields        | 4 5 |  5.4
Armour         | 4 |  4.7
Dodging        | 1 |  1.1
Fighting       | |  3.9
Stealth        | |  0.5

Action                   |  1- 3 |  4- 6 |  7- 9 || total
-------------------------+-------+-------+-------++-------
Melee: Flail             |   228 |   178 |    43 ||   449
  Use: Potion            |     2 |     2 |     1 ||     5
       Scroll            |     2 |     3 |     3 ||     8
  Eat: Chunk             |     2 |     4 |     2 ||     8
Armor: Scale mail        |    56 |       |       ||    56
       Plate armour      |   133 |   119 |    27 ||   279
Dodge: Dodged            |    53 |    34 |    11 ||    98
Block: Shield            |   147 |   102 |    22 ||   271
